 Seeded DCSS version 0.30-a0-137-gd8773701ce (webtiles) character file.

Game seed: 16205057950778805732 (custom seed)

1704 SigmundSlayer the Trooper (level 8, -4/97 HPs)
             Began as a Demonspawn Berserker on Sept 23, 2022.
             Was a Priest of Trog.
             Slain by a gnoll sergeant
             ... wielding a +3 trident of venom
              (9 damage)
             ... on level 6 of the Dungeon.
             The game lasted 00:05:02 (7164 turns).

SigmundSlayer the Trooper (Demonspawn Berserker)    Turns: 7164, Time: 00:05:03

Health: -4/97      AC: 14    Str: 19    XL:     8   Next: 73%
Magic:  8/8        EV: 13    Int:  9    God:    Trog [***...]
Gold:   311        SH:  0    Dex: 13    Spells: 7/7 levels left

rFire   . . .      SeeInvis .      - Unarmed
rCold   + . .      Faith    +    (no shield)
rNeg    . . .      Spirit   .    m - +2 ring mail {Will+}
rPois   +          Reflect  .    (no helmet)
rElec   .          Harm     .    h - +2 cloak
rCorr   .          Rampage  .    (no gloves)
Will    +++..                    (no boots)
Stlth   ..........               i - amulet of faith
HPRegen 1.26/turn                t - ring of protection from cold
MPRegen 0.11/turn                q - ring of poison resistance

@: berserking (expiring), lethally poisoned (-4 -> -6), strong-willed,
regenerating, very quick
A: claws 1, molten scales 2, ignite blood 1, demonic magic 1
a: Renounce Religion, Berserk, Trog's Hand


You were on level 6 of the Dungeon.
You worshipped Trog.
Trog was most pleased with you.
You visited 1 branch of the dungeon, and saw 6 of its levels.

You collected 311 gold pieces.

Inventory:

Missiles
 j - a throwing net (quivered)
Armour
 h - a +2 cloak (worn)
 m - a +2 ring mail of willpower (worn)
Jewellery
 i - an amulet of faith (around neck)
 q - a ring of poison resistance (right claw)
 t - a ring of protection from cold (left claw)
Wands
 a - a wand of flame (8)
 k - a wand of paralysis (10)
Scrolls
 b - 2 scrolls of fear
 f - a scroll of teleportation
 o - a scroll of fog
 r - a scroll of magic mapping
Potions
 c - a potion of cancellation {unknown}
 d - a potion of brilliance
 e - 3 potions of curing
 g - a potion of heal wounds
 l - a potion of flight {unknown}
 n - 2 potions of degeneration {unknown}
 p - a potion of invisibility {unknown}
 s - 2 potions of berserk rage {unknown}


   Skills:
 + Level 6.3 Fighting
 + Level 5.3 Armour
 + Level 5.3 Dodging
 + Level 5.8 Unarmed Combat


You had 7 spell levels left.
You didn't know any spells.
Your spell library contained the following spells:

 Spells                   Type           Power      Damage    Failure   Level
 Beastly Appendage        Tmut           0%         N/A       54%         1
 Magic Dart               Conj           0%         1d3       54%         1
 Cigotuvi's Dreadful Rot  Necr/Pois/Air  0%         N/A       69%         2
 Searing Ray              Conj           0%         2d4       69%         2
 Wereblood                Tmut           0%         N/A       69%         2
 Ignite Poison            Fire/Tmut/Pois 0%         N/A       89%         3
 Spider Form              Tmut/Pois      0%         N/A       89%         3
 Fulminant Prism          Conj/Hex       0%         3d6       100%        4
 Petrify                  Tmut/Erth      0%         N/A       100%        4
 Freezing Cloud           Conj/Ice/Air   0%         6-21      100%        5
 Simulacrum               Ice/Necr       0%         N/A       100%        6
 Dragon Form              Tmut           0%         N/A       100%        7
 Polar Vortex             Ice            0%         N/A       100%        9


Dungeon Overview and Level Annotations

Branches:
Dungeon (6/15)
 Temple: D:4-7

Altars:
Gozag


Innate Abilities, Weirdness & Mutations

You have sharp fingernails.
You are mostly covered in molten scales. (AC +3)
Your demonic aura sometimes causes spilled blood to erupt in flames.
Spells you cast may paralyse adjacent enemies.


Message History

Trog accepts your kill. The adder barely misses you.
The gnoll sergeant closely misses you. The iguana bites you.
You claw the iguana!
The iguana is severely wounded.
The adder misses you.
You claw the iguana!
You kill the iguana!
Trog accepts your kill.
The gnoll sergeant hits you from afar with a +3 trident of venom!
* * * LOW HITPOINT WARNING * * *
The gnoll hits you but does no damage.
You barely miss the adder. The adder misses you.
You closely miss the adder.
The gnoll sergeant hits you from afar with a +3 trident of venom.
* * * LOW HITPOINT WARNING * * *
You are poisoned.
The gnoll hits you from afar with a +0 spear.
* * * LOW HITPOINT WARNING * * *
The adder bites you.
* * * LOW HITPOINT WARNING * * *
You feel very sick.
Things that are here:
a +0 whip; a gnoll corpse You scratch the gnoll sergeant.
The gnoll sergeant is lightly wounded.
You feel sick. The gnoll sergeant closely misses you.
The gnoll hits you but does no damage.
You barely miss the gnoll sergeant.
The gnoll sergeant is lightly wounded.
You feel sick. The adder bites you but does no damage.
The gnoll sergeant closely misses you. The gnoll hits you with a +0 spear.
* * * LOW HITPOINT WARNING * * *
An orc comes into view. It is wielding a +0 flail.
You barely miss the gnoll.
You feel sick. The adder completely misses you.
You scratch the gnoll.
The gnoll is heavily wounded.
You feel sick.
The gnoll sergeant hits you with a +3 trident of venom!
You die...

.(....................#
################.####.######
#o..........# #..###.######
#..# #.# #..# #.# #Y.# #.#
#gg# #.# #@.# #.# #S)# #.#
#†.# ### #..# #.## #.. #.#
#.# #.#


You could see an ice beast, a gnoll sergeant, a gnoll, an adder and an orc.

Vanquished Creatures
  Grinder (D:4)
  Menkaure (D:4)
  A water moccasin (D:6)
  3 ogres
  A phantom (D:3)
  A centaur (D:5)
  A kobold brigand (D:5)
  Blork the orc (D:4)
  A necrophage (D:5)
  A bullfrog (D:6)
  A scorpion (D:4)
  An orc priest (D:5)
  2 hounds
  Terence (D:2)
  3 iguanas
  Natasha (twice) (D:2)
  16 gnolls
  5 adders
  4 worms
  2 dart slugs (D:1)
  16 orcs
  3 bats
  7 endoplasms
  A giant cockroach (D:2)
  4 goblins
  2 hobgoblins
  4 jackals (D:3)
  3 kobolds
  2 quokkas
  11 ball pythons
  A frilled lizard (D:3)
  2 rats
105 creatures vanquished.

Vanquished Creatures (others)
  2 fungi (D:3)
  6 toadstools (D:3)
8 creatures vanquished.

Grand Total: 113 creatures vanquished

Notes
Turn   | Place    | Note
-------+----------+-------------------------------------------
     0 | D:1      | SigmundSlayer the Demonspawn Berserker began the quest for
                  | the Orb.
     0 | D:1      | Reached XP level 1. HP: 18/18 MP: 1/1
    38 | D:1      | HP: 1/27 [constriction (1)]
   477 | D:1      | Gained mutation: You are partially covered in molten
                  | scales. (AC +2) [demonic ancestry]
   477 | D:1      | Reached XP level 2. HP: 24/24 MP: 2/2
  1421 | D:2      | Gained mutation: Spells you cast may paralyse adjacent
                  | enemies. [demonic ancestry]
  1421 | D:2      | Reached XP level 3. HP: 24/29 MP: 3/3
  1733 | D:2      | Noticed Natasha
  1745 | D:2      | Killed Natasha
  2071 | D:2      | Noticed Natasha
  2090 | D:2      | Killed Natasha
  2091 | D:2      | Gained mutation: Your demonic aura sometimes causes spilled
                  | blood to erupt in flames. [demonic ancestry]
  2091 | D:2      | Reached XP level 4. HP: 13/36 MP: 4/4
  2294 | D:2      | Noticed Terence
  2310 | D:2      | Killed Terence
  2638 | D:3      | Noticed a phantom
  2683 | D:3      | Killed a phantom
  2683 | D:3      | Reached ** piety under Trog
  2684 | D:3      | Reached skill level 4 in Fighting
  2684 | D:3      | Reached XP level 5. HP: 23/42 MP: 5/5
  3156 | D:3      | Got the Book of the Nimbus and Permutations
  3627 | D:3      | Found an opulent altar of Gozag.
  3719 | D:4      | Gained mutation: You have sharp fingernails. [demonic
                  | ancestry]
  3719 | D:4      | Reached XP level 6. HP: 11/49 MP: 6/6
  4600 | D:4      | Noticed Grinder
  4624 | D:4      | Paralysed by Grinder for 4 turns
  4630 | D:4      | Paralysed by Grinder for 2 turns
  4637 | D:4      | Paralysed by Grinder for 3 turns
  4649 | D:4      | Killed Grinder
  4650 | D:4      | Reached skill level 5 in Fighting
  4650 | D:4      | Reached XP level 7. HP: 21/56 MP: 7/7
  5149 | D:4      | Noticed Menkaure
  5158 | D:4      | Killed Menkaure
  5339 | D:4      | Noticed Blork the orc
  5346 | D:4      | Killed Blork the orc
  5697 | D:5      | Entered Level 5 of the Dungeon
  5714 | D:5      | Reached skill level 5 in Unarmed Combat
  5866 | D:5      | Gained mutation: You are mostly covered in molten scales.
                  | (AC +3) [demonic ancestry]
  5866 | D:5      | Reached XP level 8. HP: 63/63 MP: 8/8
  6269 | D:5      | Reached *** piety under Trog
  6623 | D:5      | Reached skill level 5 in Armour
  6623 | D:5      | Reached skill level 5 in Dodging
  6684 | D:5      | Reached skill level 6 in Fighting
  7164 | D:6      | Slain by a gnoll sergeant

Illustrated notes

Levels and vault maps discovered:
D:1:      dpeg_arrival_pond, layout_loops_ring
D:2:      layout_loops_ring, minivault_11, chequers_avenue, uniq_natasha,
          uniq_terence
D:3:      layout_loops_ring, marbit_many_paths, grunt_ministairs_2,
          minmay_gold_behind_fungi
D:4:      layout_loops_ring, nicolae_hexahallways, uniq_blork_the_orc,
          uniq_menkaure, uniq_grinder
D:5:      layout_basic
D:6:      kb_forest_paths, layout_basic, mainiacjoe_overflow_cross_hatched,
          minmay_temple_entry_junction

Skill      XL: |  1  2  3  4  5  6  7  8 |
---------------+-------------------------+-----
Armour         | 2 3 4 5 |  5.3
Dodging        | 2 3 4 5 |  5.3
Unarmed Combat | 3 4 5 |  5.8
Fighting       | 4 5 6 |  6.3

Action                   |  1- 3 |  4- 6 |  7- 9 || total
-------------------------+-------+-------+-------++-------
Melee: Unarmed           |   120 |   178 |   160 ||   458
       Punch             |       |     7 |     2 ||     9
Invok: Berserk           |     1 |     7 |     2 ||    10
       Trog's Hand       |       |     1 |     1 ||     2
  Use: Scroll            |       |     9 |     1 ||    10
       Potion            |       |     4 |       ||     4
Armor: Animal skin       |     4 |       |       ||     4
       Ring mail         |    32 |    81 |    68 ||   181
Dodge: Dodged            |    58 |   101 |   108 ||   267

Table legend: (Time is in decaauts)
 A = Elapsed time spent in this place.
 B = Non-inter-level travel time spent in this place.
 C = Inter-level travel time spent in this place.
 D = Time resting spent in this place.
 E = Time spent auto-exploring this place.
 F = Levels seen in this place.
 G = Mean time per level.
                   A        B        C        D        E       F      G
               +--------+--------+--------+--------+--------+-----+--------+
         Total |   7211 |   6937 |    274 |   1655 |   4420 |   6 | 1201.8 |
       Dungeon |   7211 |   6937 |    274 |   1655 |   4420 |   6 | 1201.8 |
               +--------+--------+--------+--------+--------+-----+--------+

Top non-repeatable levels by time:
     D:4: 2029 daAuts
     D:5: 1342 daAuts
     D:2: 1258 daAuts
     D:3: 1248 daAuts
     D:1: 1211 daAuts
     D:6: 121 daAuts
